 Dungeon Crawl Stone Soup version 0.26.1-2-gb8aa6d0cf2 (webtiles) character file.

Game seed: 3569527454598886618

20411 nonceun the Severer (level 12, -16/108 HPs)
             Began as a Minotaur Berserker on Mar 30, 2021.
             Was a High Priest of Trog.
             Demolished by a boulder beetle (29 damage)
             ... on level 3 of the Lair of Beasts.
             The game lasted 01:00:42 (14288 turns).

nonceun the Severer (Minotaur Berserker)           Turns: 14288, Time: 01:00:42

Health: -16/108    AC: 19    Str: 26    XL:     12   Next: 45%
Magic:  11/11      EV:  9    Int:  4    God:    Trog [*****.]
Gold:   793        SH:  0    Dex: 11    Spells: 11/11 levels left

rFire    . . .     SeeInvis .   b - +0 longbow
rCold    . . .     Faith    .   (shield currently unavailable)
rNeg     . . .     Spirit   .   O - +0 crystal plate armour
rPois    .         Reflect  .   (helmet restricted)
rElec    .         Harm     .   H - +0 cloak
rCorr    .         Rampage  .   h - +2 pair of gloves
Will     +....                  (no boots)
Stlth    ..........             k - amulet of regeneration
HPRegen  0.68/turn              T - +4 ring of evasion
MPRegen  0.12/turn              l - ring of willpower

@: berserk cooldown, slowed, very slow
A: retaliatory headbutt, horns 2
a: Renounce Religion, Berserk, Trog's Hand, Brothers in Arms


You were on level 3 of the Lair of Beasts.
You worshipped Trog.
Trog was extremely pleased with you.
You visited 2 branches of the dungeon, and saw 15 of its levels.

You collected 845 gold pieces.
You spent 52 gold pieces at shops.

Inventory:

Hand Weapons
 a - a +2 vorpal war axe
 b - a +0 longbow (weapon)
 q - a +0 shortbow
Missiles
 A - 224 arrows (quivered ammo)
 C - 6 boomerangs
Armour
 h - a +2 pair of gloves (worn)
 x - a +2 leather armour of poison resistance
 H - a +0 cloak (worn)
 I - a +2 ring mail of cold resistance
 O - a +0 crystal plate armour (worn)
Jewellery
 k - an amulet of regeneration (around neck)
 l - a ring of willpower (right hand)
 o - an uncursed ring of protection from cold
 t - an uncursed ring of protection from fire
 D - an uncursed ring of ice
 G - an uncursed ring of see invisible
 M - an uncursed ring of resist corrosion
 T - a +4 ring of evasion (left hand)
 V - an uncursed ring of protection from cold
Wands
 w - a wand of flame (51)
 F - a wand of polymorph (17)
 J - a wand of random effects (22)
Scrolls
 e - 3 scrolls of enchant armour {unknown}
 f - 5 scrolls of enchant weapon {unknown}
 g - 7 scrolls of remove curse {unknown}
 j - 6 scrolls of teleportation {unknown}
 m - 4 scrolls of amnesia {unknown}
 n - 2 scrolls of random uselessness {unknown}
 p - 4 scrolls of silence {unknown}
 y - 2 scrolls of fog {unknown}
 B - 8 scrolls of identify {unknown}
 E - 5 scrolls of magic mapping {unknown}
 L - a scroll of immolation {unknown}
 N - a scroll of fear {unknown}
 Q - a scroll of acquirement {unknown}
 R - a scroll of vulnerability {unknown}
 S - a scroll of holy word {unknown}
 U - a scroll of blinking {unknown}
Potions
 c - 2 potions of brilliance {unknown}
 d - 2 potions of resistance {unknown}
 i - 4 potions of heal wounds {unknown}
 r - 4 potions of magic {unknown}
 s - a potion of ambrosia {unknown}
 u - 2 potions of cancellation {unknown}
 v - a potion of attraction {unknown}
 z - 5 potions of curing
 K - a potion of flight {unknown}
 P - 2 potions of berserk rage {unknown}


   Skills:
 + Level 10.7 Fighting
 + Level 15.9 Axes
 * Level 13.9 Bows
 - Level 2.4 Armour
 - Level 2.1 Dodging


You had 11 spell levels left.
You didn't know any spells.
Your spell library contained the following spells:

 Spells                   Type           Power        Failure   Level
 Sublimation of Blood     Necr           0%           100%        2
 Confusing Touch          Hex            0%           100%        3
 Gell's Gravitas          Tloc           0%           100%        3
 Ignite Poison            Fire/Tmut/Pois 0%           100%        3
 Petrify                  Tmut/Erth      0%           100%        4
 Alistair's Intoxication  Tmut/Pois      0%           100%        5
 Irradiate                Conj/Tmut      0%           100%        5
 Metabolic Englaciation   Hex/Ice        0%           100%        5
 Yara's Violent Unravell  Hex/Tmut       0%           100%        5
 Eringya's Noxious Bog    Tmut/Pois      0%           100%        6


Dungeon Overview and Level Annotations

Branches:
Dungeon (12/15)            Temple (0/1) D:7            Lair (3/6) D:8
  Swamp (0/4) Lair:2          Orc (0/2) D:10
  Snake: Lair:2-4    Spider: Lair:2-4

Altars:
Dithmenos
Elyvilon
Hepliaklqana
Kikubaaqudgha
Makhleb
Okawaru
Qazlal
Trog
Uskayaw
Vehumet
Wu Jian
Yredelemnul
Zin
The Shining One
Jiyva

Shops:
D:4 *   D:11 (

Annotations:
D:5 2 transporters
D:6 1 runed translucent door, axecop's ghost, amateur DDDe
D:8 2 transporters
D:12 3 runed translucent doors
Lair:1 3 runed translucent doors, exclusion: 2 oklob plants, Ceckukk's ghost, journeyman GrEE


Innate Abilities, Weirdness & Mutations

You reflexively headbutt those who attack you in melee.
You have a pair of horns on your head.


Message History

Do you really want to go berserk while wielding your +0 longbow?
A red film seems to cover your vision as you go berserk!
You feel yourself moving faster!
You feel mighty! The wolf barely misses you. You furiously retaliate!
You headbutt the wolf! The wolf bites you but does no damage.
The boulder beetle barely misses you. You furiously retaliate!
You headbutt the boulder beetle, but do no damage.
You feel a strong urge to attack something.
The wolf closely misses you. You furiously retaliate!
You headbutt the wolf. The wolf barely misses you.
The boulder beetle curls into a ball and begins rolling!
The wolf bites you but does no damage. x2
Found 8 gold pieces.
You feel your anger nearly subside. The wolf bites you but does no damage.
You are no longer berserk.
You are exhausted.
You feel yourself slow down. The wolf barely misses you.
The boulder beetle hits you!!
You die...

.........#PP.P##.
.................
#.######.°..###..
## #.°...P....
###.D.......
#.#.○.......
#..h○......
####hhB.P...#
#.P..@h......
...............
...............
..............$
##..##..####..#
### #### ###


You could see a boulder beetle, a four-headed hydra and 4 wolves.

Vanquished Creatures
  Fannar (Lair:1)
  2 two-headed ogres
  An orc knight (D:11)
  3 ugly things
  2 black mambas
  A cane toad (Lair:2)
  A centaur skeleton (D:11)
  A kobold demonologist (D:12)
  Maggie (D:7)
  2 tyrant leeches (Lair:2)
  A queen bee (D:10)
  4 trolls
  A hornet (D:10)
  Grinder (D:3)
  25 yaks
  A basilisk (Lair:1)
  Eustachio (D:4)
  Menkaure (D:4)
  A warg (D:10)
  Duvessa (D:7)
  5 water moccasins
  2 black bears
  A hornet zombie (D:11)
  8 orc warriors
  3 phantoms
  3 sky beasts
  3 ice beasts
  12 wolves
  7 centaurs
  10 ogres
  3 big kobolds
  10 bullfrogs
  Dowan (D:7)
  A wyvern zombie (D:12)
  A wyvern skeleton (D:10)
  3 scorpions
  26 killer bees
  13 wights
  An electric eel (Lair:1)
  4 howler monkeys
  A jelly (D:9)
  2 centaur zombies
  3 hounds
  9 orc priests
  8 orc wizards
  Ijyb (D:3)
  6 iguanas
  4 worker ants
  2 hound zombies (D:6)
  A hound skeleton (D:8)
  Robin (D:4)
  2 gnolls (D:5)
  8 adders
  A white imp (D:10)
  An ufetubus (D:7)
  2 oozes (D:2)
  An adder zombie (D:9)
  5 worms
  A dart slug (D:1)
  6 leopard geckos
  59 orcs
  7 bats
  6 giant cockroaches
  20 goblins
  17 hobgoblins
  8 jackals
  5 quokkas
  2 ball pythons
  6 frilled lizards
  A jackal skeleton (D:6)
  14 kobolds
  2 leopard gecko skeletons
  A quokka skeleton (D:5)
  3 rats (D:2)
385 creatures vanquished.

Vanquished Creatures (others)
  A quokka (D:11)
  3 fungi (Lair:2)
  22 plants
26 creatures vanquished.

Grand Total: 411 creatures vanquished

Notes
Turn   | Place    | Note
-------+----------+-------------------------------------------
     0 | D:1      | nonceun the Minotaur Berserker began the quest for the Orb.
     0 | D:1      | Reached XP level 1. HP: 19/19 MP: 0/0
    54 | D:1      | Reached skill level 4 in Axes
   345 | D:1      | Reached XP level 2. HP: 26/26 MP: 1/1
  1017 | D:2      | Noticed a scorpion
  1023 | D:2      | Reached skill level 5 in Axes
  1032 | D:2      | Killed a scorpion
  1033 | D:2      | Reached skill level 6 in Axes
  1033 | D:2      | Reached XP level 3. HP: 22/31 MP: 2/2
  1033 | D:2      | Reached XP level 4. HP: 28/39 MP: 3/3
  1477 | D:2      | Found a shadowy altar of Dithmenos.
  1495 | D:2      | Reached ** piety under Trog
  1832 | D:2      | Found an ancient bone altar of Kikubaaqudgha.
  1923 | D:3      | Reached skill level 7 in Axes
  1923 | D:3      | Reached XP level 5. HP: 43/45 MP: 4/4
  1978 | D:3      | Noticed Ijyb
  2004 | D:3      | Killed Ijyb
  2038 | D:3      | Noticed Grinder
  2045 | D:3      | Paralysed by Grinder for 7 turns
  2059 | D:3      | Killed Grinder
  2060 | D:3      | Reached skill level 8 in Axes
  2060 | D:3      | Reached XP level 6. HP: 18/51 MP: 5/5
  2171 | D:3      | Found a radiant altar of Vehumet.
  2413 | D:3      | Reached skill level 9 in Axes
  2634 | D:4      | Reached *** piety under Trog
  2779 | D:4      | Reached XP level 7. HP: 55/57 MP: 6/6
  2891 | D:4      | Found a hide-covered altar of Uskayaw.
  3036 | D:4      | Found a stormy altar of Qazlal.
  3038 | D:4      | Noticed Menkaure
  3049 | D:4      | Killed Menkaure
  3050 | D:4      | Reached skill level 10 in Axes
  3125 | D:4      | Noticed Robin
  3136 | D:4      | Killed Robin
  3250 | D:4      | Reached skill level 5 in Fighting
  3301 | D:4      | Noticed Eustachio
  3335 | D:4      | Killed Eustachio
  3407 | D:4      | Found Tuepelih's General Store.
  3416 | D:4      | Bought a potion of curing for 39 gold pieces
  3416 | D:4      | Bought a scroll of noise for 13 gold pieces
  3689 | D:5      | Entered Level 5 of the Dungeon
  3756 | D:5      | Found an ancient bone altar of Kikubaaqudgha.
  3774 | D:5      | Reached XP level 8. HP: 70/73 MP: 7/7
  3815 | D:5      | Found a shadowy altar of Dithmenos.
  3977 | D:5      | Found a bloodstained altar of Trog.
  3977 | D:5      | Found an ornate altar of the Wu Jian Council.
  3979 | D:5      | Noticed a slime creature
  3981 | D:5      | Found a transporter.
  3993 | D:5      | Found a transporter.
  4121 | D:5      | Reached **** piety under Trog
  4124 | D:5      | Found an iron altar of Okawaru.
  4368 | D:5      | Reached skill level 11 in Axes
  5166 | D:6      | Found a runed translucent door.
  5166 | D:6      | Noticed axecop's ghost (amateur DDDe)
  5197 | D:6      | Reached skill level 1 in Bows
  5647 | D:7      | Found a staircase to the Ecumenical Temple.
  5881 | D:7      | Noticed Dowan
  5881 | D:7      | Noticed Duvessa
  5887 | D:7      | Killed Duvessa
  5888 | D:7      | Reached XP level 9. HP: 81/81 MP: 8/8
  5898 | D:7      | Killed Dowan
  6054 | D:7      | Noticed Maggie
  6070 | D:7      | Killed Maggie
  6152 | D:7      | Found a glowing golden altar of the Shining One.
  6243 | D:7      | Reached skill level 5 in Bows
  6377 | D:8      | Found a transporter.
  6378 | D:8      | Found a transporter.
  6389 | D:8      | Found a glowing silver altar of Zin.
  6397 | D:8      | Found a viscous altar of Jiyva.
  6398 | D:8      | Noticed a great orb of eyes
  6463 | D:8      | Found a staircase to the Lair.
  6499 | D:8      | Reached ***** piety under Trog
  6647 | D:8      | Reached skill level 12 in Axes
  6855 | D:8      | Found a burning altar of Makhleb.
  6858 | D:8      | Found a basalt altar of Yredelemnul.
  6868 | D:8      | Found a white marble altar of Elyvilon.
  6871 | D:8      | Found a hazy altar of Hepliaklqana.
  7386 | D:9      | Noticed a troll
  7396 | D:9      | Killed a troll
  7493 | D:9      | Reached XP level 10. HP: 91/91 MP: 9/9
  8335 | D:9      | Noticed a two-headed ogre
  8349 | D:9      | Killed a two-headed ogre
  8354 | D:9      | Reached skill level 13 in Axes
  8746 | D:9      | Found a radiant altar of Vehumet.
  8791 | D:10     | Entered Level 10 of the Dungeon
  8907 | D:10     | Paralysed by a hornet for 1 turns
  9196 | D:10     | Reached skill level 10 in Fighting
  9196 | D:10     | Reached skill level 10 in Bows
  9414 | D:10     | Reached XP level 11. HP: 97/99 MP: 10/10
  9660 | D:10     | Found a staircase to the Orcish Mines.
  9842 | D:10     | Noticed a two-headed ogre
  9854 | D:10     | Killed a two-headed ogre
  9854 | D:10     | Received a gift from Trog
 10127 | D:10     | Reached skill level 14 in Axes
 10292 | D:11     | Noticed a red ugly thing
 10302 | D:10     | Killed a red ugly thing
 10473 | D:11     | Found Pealid's Antique Weapon Emporium.
 10625 | D:11     | Found a white marble altar of Elyvilon.
 10834 | D:11     | Noticed a white ugly thing
 10841 | D:11     | Killed a white ugly thing
 11419 | D:11     | Noticed an orc knight
 11432 | D:11     | Killed an orc knight
 11682 | D:12     | Noticed a red ugly thing
 11692 | D:12     | Killed a red ugly thing
 11740 | D:12     | Found a runed translucent gate.
 11740 | D:12     | Found a runed translucent gate.
 11740 | D:12     | Found a runed translucent gate.
 11772 | D:12     | Received a gift from Trog
 11897 | Lair:1   | Entered Level 1 of the Lair of Beasts
 12077 | Lair:1   | Noticed an oklob plant
 12209 | Lair:1   | Noticed Fannar
 12235 | Lair:1   | Killed Fannar
 12236 | Lair:1   | Reached skill level 15 in Axes
 12236 | Lair:1   | Reached XP level 12. HP: 106/106 MP: 11/11
 12313 | Lair:1   | Found a runed translucent gate.
 12313 | Lair:1   | Found a runed translucent gate.
 12313 | Lair:1   | Found a runed translucent gate.
 12314 | Lair:1   | Noticed Ceckukk's ghost (journeyman GrEE)
 12416 | Lair:1   | Reached ****** piety under Trog
 13145 | Lair:2   | Found a staircase to the Swamp.
 14170 | Lair:3   | Noticed a boulder beetle
 14250 | Lair:3   | Noticed a four-headed hydra
 14288 | Lair:3   | Demolished by a boulder beetle

Illustrated notes

Levels and vault maps discovered:
D:1:      wander_arrival_lonely_grave, layout_loops_corners,
          minmay_misc_feat_secret_circle
D:2:      layout_loops_ring, old_standard_altar, old_standard_altar,
          minmay_octomino_e4
D:3:      layout_loops_ring, fiery_altar_vehumet, st_stairs_13,
          minmay_misc_feat_diagonals, uniq_grinder, uniq_ijyb
D:4:      layout_cave_pods, kennysheep_little_box, kennysheep_mini,
          serial_shops, nicolae_shop_stone, uniq_menkaure, uniq_robin,
          uniq_eustachio
D:5:      layout_gridville, okawaru_altar_gauntlet_db,
          gammafunk_temple_overflow_arena, basic_altar,
          nicolae_dithmenos_through_a_glass_darkly
D:6:      layout_loops_cross, gammafunk_ghost_grave, kennysheep_generic_room_8
D:7:      layout_loops_corners, tso_altar, minmay_temple_entry_mist,
          uniq_maggie, uniq_duvessa
D:8:      gammafunk_jiyva_shrine, layout_basic,
          grunt_temple_overflow_cloverleaf, lair_entry_dummy, basic_altar
D:9:      layout_stronghold, basic_altar
D:10:     layout_big_octagon, erik_orc_3, hangedman_abyss_or_decor_lesser_grid,
          nicolae_looking_at_the_future
D:11:     cheibrodos_orc_bank, layout_irregular_city, serial_shops, shop,
          elyvilon_altar_4
D:12:     layout_cave_pools, gammafunk_ghost_icy
Lair:1:   layout_regular_city, ebering_ghost_rock_garden,
          minmay_lair_oklob_chamber, infiniplex_staircase_pool, uniq_fannar
Lair:2:   layout_regular_city, minmay_swamp_entry_worms, minivault_19,
          serial_bayou_shore_b
Lair:3:   layout_chaotic_city, grunt_megastairs_2, serial_bayou_shore_b

Skill      XL: |  1  2  3  4  5  6  7  8  9 10 11 |
---------------+----------------------------------+-----
Axes           | 4 6 7 8 9 10 11 12 13 15 | 15.9
Fighting       | 7 8 9 10 | 10.7
Bows           | 3 8 10 13 | 13.9
Armour         | |  2.4
Dodging        | |  2.1

Action                   |  1- 3 |  4- 6 |  7- 9 | 10-12 || total
-------------------------+-------+-------+-------+-------++-------
Melee: Hand axe          |    44 |   191 |   144 |       ||   379
       Headbutt          |     7 |    31 |    39 |    95 ||   172
       War axe           |       |       |   115 |   491 ||   606
       Battleaxe         |       |       |       |     3 ||     3
 Fire: Shortbow          |       |       |    83 |   188 ||   271
       Longbow           |       |       |       |     8 ||     8
Invok: Berserk           |       |     2 |     6 |    13 ||    21
Evoke: Wand              |       |       |       |     2 ||     2
Armor: Animal skin       |     4 |       |       |       ||     4
       Ring mail         |     5 |     6 |    20 |   119 ||   150
       Chain mail        |       |    73 |       |       ||    73
       Leather armour    |       |     2 |    35 |       ||    37
       Crystal plate arm |       |       |       |    16 ||    16
Dodge: Dodged            |    32 |    49 |   135 |   263 ||   479
